 Dungeon Crawl Stone Soup version 0.31-a0-174-g85c54bcb58 (webtiles) character file.

Game seed: 10708619920510342960

135 qw the Shooter (level 5, -2/32 HPs)
             Began as a Gargoyle Hunter on June 15, 2023.
             Slain by a hobgoblin (6 damage)
             ... led by Robin
             ... on level 3 of the Dungeon.
             The game lasted 00:00:47 (1803 turns).

qw the Shooter (Gargoyle Hunter)                    Turns: 1803, Time: 00:00:47

Health: -2/32      AC:  7    Str: 15    XL:     5   Next: 18%
Magic:  5/5        EV: 11    Int:  9    God:
Gold:   201        SH:  0    Dex: 15    Spells: 4/4 levels left

rFire   . . .        Y - +0 shortbow
rCold   . . .        (shield currently unavailable)
rNeg    + + .        c - +0 leather armour
rPois   inf          (no helmet)
rElec   +            (no cloak)
rCorr   .            (no gloves)
SInv    .            (no boots)
Will    .....        (no amulet)
Stlth   ++           d - ring of positive energy
HPRegen 0.25/turn    f - +4 ring of slaying {mikee}
MPRegen 0.09/turn

%: no passive effects
@: about to teleport
A: sickness immunity, AC +4, negative energy resistance 1, electricity
resistance, torment resistance 1, petrification resistance
a: no special abilities


You were on level 3 of the Dungeon.
You visited 1 branch of the dungeon, and saw 3 of its levels.

You collected 201 gold pieces.


Innate Abilities, Weirdness & Mutations

You are immune to sickness and miasma.
Your stone body is resilient. (AC +4)
You are immune to poison.
You resist negative energy. (rN+)
You are resistant to electric shocks. (rElec)
You are resistant to unholy torment.
You are immune to petrification.


   Skills:
 - Level 3.2 Fighting
 + Level 5.9 Ranged Weapons
 - Level 1.5 Dodging
 - Level 1.1 Stealth


You had 4 spell levels left.
You didn't know any spells.
Your spell library was empty.

Inventory:

Hand Weapons
 Y - a +0 shortbow (weapon)
Armour
 c - a +0 leather armour (worn)
Jewellery
 d - a ring of positive energy (left hand)
 f - a +4 ring of slaying (right hand) {mikee}
Scrolls
 b - a scroll of identify
Potions
 e - 3 potions of curing
 g - a potion of mutation {unknown}

Dungeon Overview and Level Annotations

Branches:
Dungeon (3/15)

Altars:
Gozag

Annotations:
D:3 Sigmund


Message History

The hobgoblin hits you.
The hobgoblin hits you but does no damage.
The hobgoblin closely misses you.
You shoot an arrow. The arrow hits the goblin.
The goblin is heavily wounded.
The hobgoblin barely misses you. The goblin hits you but does no damage.
The goblin closely misses you. The hobgoblin barely misses you.
The hobgoblin completely misses you.
You shoot an arrow. The arrow hits the goblin!
You kill the goblin!
The teleport trap disappears.
The quokka disappears!
The hobgoblin hits you. The hobgoblin completely misses you.
The hobgoblin barely misses you. The goblin hits you but does no damage.
You shoot an arrow. The arrow closely misses the goblin.
The goblin barely misses you.
The hobgoblin hits you but does no damage.
The hobgoblin barely misses you. x2; The goblin hits you but does no damage.
Something hits you.
You shoot an arrow. The arrow hits the goblin!
You kill the goblin!
The hobgoblin hits you but does no damage.
The hobgoblin hits you. The goblin hits you with a +0 dagger.
The hobgoblin hits you but does no damage.
Something hits you!
1801 ||| READING scroll of teleportation.
As you read the scroll of teleportation, it crumbles to dust.
You feel strangely unstable. The hobgoblin closely misses you.
The hobgoblin hits you but does no damage.
The goblin hits you but does no damage. The hobgoblin barely misses you.
The goblin hits you but does no damage.
You shoot an arrow. The arrow misses the goblin.
The hobgoblin hits you but does no damage.
The goblin hits you but does no damage. The goblin closely misses you.
The hobgoblin barely misses you. The hobgoblin closely misses you.
Something hits you but does no damage.
You shoot an arrow. The arrow hits the goblin!
You kill the goblin!
The hobgoblin hits you.
You die...

....# ....# .......
...# )....# ..##
.....# ### ....# ###
....### ..## #.{...
#..#### #####g)#
##....# #...g@g#.
#####.### ##.###(g..#
.####...###......####
...####.....###..#
.........#.......#
.................#
.#.........###..#..
..................
.............. ..#.


You could see 3 hobgoblins and a goblin (strong).

Vanquished Creatures
  Natasha (D:2)
  Robin (D:3)
  4 adders
  A worm (D:2)
  An orc (D:3)
  6 endoplasms
  18 goblins
  7 hobgoblins
  3 jackals (D:2)
  4 kobolds
  2 quokkas
  3 ball pythons
  2 bats
  A frilled lizard (D:2)
  A rat (D:2)
55 creatures vanquished.

Notes
Turn   | Place    | Note
-------+----------+-------------------------------------------
     0 | D:1      | qw the Gargoyle Hunter began the quest for the Orb.
     0 | D:1      | Reached XP level 1. HP: 12/12 MP: 1/1
     0 | D:1      | 0 ||| qw: Version: 0.2-a-29-g511e9b1
     0 | D:1      | 0 ||| qw: Game counter: 5208
     0 | D:1      | 0 ||| qw: Always use a shield: true
     0 | D:1      | 0 ||| qw: God list: Okawaru
     0 | D:1      | 0 ||| qw: Allow faded altars: false
     0 | D:1      | 0 ||| qw: Do Orc after D:15 true
     0 | D:1      | 0 ||| qw: Do second Lair branch before Depths: true
     0 | D:1      | 0 ||| qw: Lair rune preference: random
     0 | D:1      | 0 ||| qw: Plans: Normal, Zot:1-4, Slime:5, God:TSO, Crypt,
                  | Tomb, Abyss, Pan, Hells, Win
     0 | D:1      | 0 ||| PLANNING D:1-11
   106 | D:1      | Found a faded altar of an unknown god.
   307 | D:1      | Reached XP level 2. HP: 17/17 MP: 2/2
   897 | D:1      | 897 ||| READING 2 scrolls labelled ZEPRIRPHUDWE.
   902 | D:1      | 902 ||| READING scroll labelled ECOHOECZISMI.
   903 | D:1      | 903 ||| DROPPING scroll of butterflies.
   977 | D:2      | Reached skill level 5 in Ranged Weapons
   977 | D:2      | Reached XP level 3. HP: 9/21 MP: 3/3
  1070 | D:2      | 1070 ||| UPGRADING to ring of positive energy.
  1124 | D:2      | Found an opulent altar of Gozag.
  1155 | D:2      | Identified the +2 mace "Midac" {heavy, *Corrode rF+ Str+4
                  | Int+2}
  1322 | D:2      | Reached skill level 3 in Fighting
  1333 | D:2      | Reached XP level 4. HP: 19/28 MP: 4/4
  1561 | D:2      | 1561 ||| UPGRADING to +4 ring of slaying {mikee}.
  1562 | D:2      | 1562 ||| READING 2 scrolls labelled LUEROPN ZU FOAZIU.
  1563 | D:2      | 1563 ||| READING scroll labelled ALICEA HARAWK.
  1564 | D:2      | 1564 ||| DRINKING 4 inky potions.
  1575 | D:3      | Noticed Natasha
  1580 | D:3      | 1580 ||| STAIRDANCE
  1584 | D:2      | Killed Natasha
  1668 | D:3      | 1668 ||| STAIRDANCE
  1782 | D:3      | Noticed Robin
  1786 | D:3      | Reached XP level 5. HP: 32/32 MP: 5/5
  1793 | D:3      | Noticed Sigmund
  1794 | D:3      | Killed Robin
  1800 | D:3      | HP: 3/32 [something (8)]
  1801 | D:3      | 1801 ||| READING scroll of teleportation.
  1803 | D:3      | Slain by a hobgoblin

Levels and vault maps discovered:
D:1:      amcnicky_arrival_single_pillar, layout_loops_corners,
          basic_ecumenical_altar, moated_statue, minmay_misc_feat_pillars,
          chequers_serial_rivers_large_b
D:2:      layout_rooms, basic_altar, minmay_gold_behind_fungi
D:3:      layout_rooms, lemuel_doored_altar, lemuel_tele_altar, uniq_sigmund,
          uniq_robin, uniq_natasha

Skill      XL: |  1  2  3 |
---------------+----------+-----
Ranged Weapons | 5 |  5.9
Fighting       | 3 |  3.2
Dodging        | |  1.5
Stealth        | |  1.1

Action                     |  1- 3 |  4- 6 || total
---------------------------+-------+-------++-------
   Fire: Shortbow          |   148 |    54 ||   202
    Use: Scroll            |     2 |     3 ||     5
         Potion            |       |     1 ||     1
 Armour: Leather armour    |    23 |    28 ||    51
  Dodge: Dodged            |    50 |    31 ||    81

Table legend:
 A = Non-vault XP
 B = Vault XP
 C = Vault XP percentage of total XP
 D = Non-vault monster count
 E = Vault monster count
 F = Vault count percentage of total count
                 A         B        C        D         E       F
            +---------+---------+-------+---------+---------+-------
      Total |     129 |      67 |  34.2 |      45 |      10 |  18.2
            +---------+---------+-------+---------+---------+-------
        D:1 |      24 |       0 |   0.0 |      14 |       0 |   0.0
        D:2 |      84 |      35 |  29.4 |      27 |       1 |   3.6
        D:3 |      21 |      32 |  60.4 |       4 |       9 |  69.2
            +---------+---------+-------+---------+---------+-------
